Map: Ultralove

Players

DeMii - Winner!

  • Race: Protoss Protoss
  • League: Master
  • Spawn Location: 1:00

HEAVYMETAL

  • Race: Terran Terran
  • League: Diamond
  • Spawn Location: 7:00

VOD

Have the link to the VOD?

Description

Time

  • Played on: July 6, 2025, 6:10 p.m.
  • Length: 14:17
Show
View Real Time Build Order
Export as new Build Order

DeMii Protoss - Winner!

Build Orders: 1 Gate Expand, Phoenix Opening, Blink Stalkers 

Get SALT Encoding   

  12  0:00  Probe  
  13  0:13  Probe  
  14  0:21  Pylon  
  14  0:26  Probe  
  15  0:38  Probe  
  15  0:40  Gateway  
  16  0:46  Probe  
  16  0:49  Assimilator  
  16  0:54  Probe  
  18  1:05  Probe  
  19  1:17  Probe  
  20  1:29  Nexus  
  20  1:39  Cybernetics Core  
  20  1:48  Probe  
  20  1:54  Pylon  
  21  1:57  Assimilator  
  21  2:00  Probe  
  21  2:08  Probe  
  23  2:15  Sentry  
  23  2:16  Probe  
  23  2:17  Phoenix, Warp Gate  
  25  2:24  Probe  
  26  2:32  Probe  
  26  2:35  Stalker  
  29  2:44  Probe  
  29  2:46  Probe  
  31  2:56  Probe  
  31  2:58  Probe  
  33  3:00  Twilight Council  
  33  3:07  Gateway  
  33  3:08  Probe  
  33  3:10  Probe  
  33  3:11  Blink  
  35  3:21  Probe  
  35  3:22  Gateway, Probe  
  37  3:28  Shield Battery  
  37  3:33  Probe  
  38  3:39  Probe  
  39  3:51  Probe  
  39  3:53  Pylon  
  40  3:57  Gateway  
  40  4:04  Probe  
  40  4:08  Stalker x2  
  45  4:10  Probe  
  45  4:16  Probe  
  47  4:17  Pylon  
  47  4:27  Nexus  
  47  4:32  Stalker, Pylon  
  47  4:35  Stalker  
  51  4:40  Stalker  
  53  4:52  Robotics Facility  
  53  4:54  Shield Battery  
  53  5:01  Forge  
  53  5:02  Stalker  
  55  5:07  Pylon  
  55  5:11  Probe  
  55  5:12  Probe  
  55  5:13  Stalker x2  
  60  5:18  Stalker  
  62  5:26  Probe  
  61  5:35  Probe  
  62  5:36  Stalker x3, Warp Prism  
  62  5:41  Protoss Ground Weapons Level 1  
  68  5:43  Assimilator  
  68  5:44  Probe  
  68  5:45  Assimilator  
  71  5:50  Probe  
  71  5:54  Probe  
  71  5:56  Probe  
  74  6:02  Probe  
  75  6:06  Probe  
  68  6:20  Stalker x4  
  68  6:21  Probe x2  
  68  6:22  Probe  
  79  6:33  Probe  
  80  6:42  Shield Battery  
  80  6:46  Zealot x4  
  86  6:49  Observer  
  84  6:58  Probe  
  84  7:00  Probe  
  82  7:03  Gateway, Probe  
  82  7:04  Gateway x2  
  82  7:07  Observer  
  80  7:10  Protoss Ground Weapons Level 2, Probe  
  80  7:14  Zealot x2  
  85  7:18  Robotics Bay  
  85  7:21  Probe x2  
  84  7:22  Probe  
  84  7:32  Observer  
  84  7:33  Probe x2  
  84  7:34  Probe  
  88  7:38  Zealot x2  
  88  7:43  Pylon  
  88  7:44  Pylon  
  92  7:45  Probe  
  92  7:49  Probe x2  
  92  7:50  Observer  
  92  7:55  Pylon  
  92  7:56  Pylon  
  92  8:02  Extended Thermal Lance, Zealot x7  
  92  8:04  Colossus  
  106  8:06  Probe  
  106  8:12  Probe  
  108  8:16  Assimilator  
  108  8:17  Assimilator  
  114  8:23  Pylon  
  114  8:27  Zealot x3  
  114  8:28  Zealot  
  122  8:37  Zealot  
  124  8:46  Forge  
  124  8:48  Templar Archives  
  124  8:53  Zealot x2  
  124  8:54  Zealot x4  
  122  9:02  Probe  
  123  9:03  Robotics Facility  
  123  9:04  Probe  
  123  9:07  Probe  
  123  9:12  Nexus  
  123  9:13  Charge  
  123  9:15  Shield Battery  
  117  9:24  Zealot x3  
  117  9:25  Protoss Ground Weapons Level 3, Zealot x3  
  117  9:29  Protoss Ground Armor Level 1  
  125  9:31  Psionic Storm  
  125  9:35  Probe x2  
  125  9:36  Probe  
  114  9:47  Probe x2  
  114  9:50  High Templar  
  114  9:51  High Templar, Zealot x2  
  116  9:53  Probe  
  116  9:59  Probe  
  113  10:00  Probe  
  113  10:03  Zealot x3  
  111  10:13  Zealot x2  
  109  10:24  Shield Battery  
  109  10:25  Zealot  
  109  10:26  Zealot x4  
  119  10:39  Zealot x2  
  123  10:48  Zealot x5  
  133  10:52  Colossus  
  131  10:59  Colossus  
  131  11:02  Zealot x2  
  145  11:09  Zealot  
  147  11:11  Probe  
  147  11:14  Pylon  
  147  11:16  Pylon x2, Protoss Shields Level 1  
  148  11:20  Dark Shrine  
  148  11:25  Probe  
  147  11:30  Probe  
  147  11:32  Probe  
  149  11:33  Colossus  
  149  11:43  Zealot x7  
  149  11:45  Probe x3  
  172  11:52  Assimilator  
  170  11:54  Assimilator  
  168  12:03  Colossus  
  168  12:11  Pylon  
  168  12:12  Pylon  
  168  12:16  Photon Cannon, Zealot x2  
  168  12:21  Photon Cannon, Zealot x2  
  172  12:23  Photon Cannon  
  172  12:26  Pylon  
  172  12:29  Shadow Stride  
  172  12:31  High Templar  
  172  12:34  High Templar  
  172  12:35  High Templar  
  176  12:38  Probe  
  177  12:48  Probe  
  178  12:57  Probe  
  179  13:01  Pylon  
  179  13:03  Pylon, Zealot x4  
  187  13:06  High Templar  
  187  13:12  Photon Cannon  
  187  13:14  Photon Cannon  
  187  13:16  Photon Cannon  
  187  13:22  Colossus  
  193  13:43  Robotics Facility  
  193  13:45  Robotics Facility  
  185  13:50  Nexus  
  185  13:52  Pylon  
  185  13:53  Pylon x2  
  185  13:54  Zealot x2  
  183  13:56  Assimilator  
  183  13:58  Assimilator  
  177  14:05  Photon Cannon  
Show
View Real Time Build Order
Export as new Build Order

HEAVYMETAL Terran 

Build Orders:  

Get SALT Encoding   

  12  0:00  SCV  
  13  0:12  SCV  
  14  0:17  Supply Depot  
  14  0:24  SCV  
  15  0:38  SCV  
  15  0:41  Barracks  
  16  0:47  Refinery  
  16  0:52  Refinery  
  16  1:02  SCV  
  17  1:14  SCV  
  18  1:26  SCV  
  19  1:37  Reaper  
  19  1:38  Orbital Command  
  20  1:44  Factory  
  20  1:56  Supply Depot  
  20  2:05  SCV  
  21  2:09  Reaper  
  22  2:18  SCV  
  23  2:28  Command Center  
  23  2:29  Factory Tech Lab  
  23  2:34  SCV  
  24  2:42  Supply Depot  
  24  2:46  SCV  
  25  2:58  Barracks Reactor  
  25  2:59  SCV  
  26  3:11  SCV  
  26  3:12  Cyclone  
  30  3:16  Supply Depot  
  30  3:20  Barracks  
  30  3:22  Barracks  
  30  3:24  SCV  
  31  3:30  Supply Depot  
  31  3:36  Marine x2, SCV  
  33  3:47  Siege Tank  
  33  3:48  SCV  
  37  3:55  Marine x2  
  37  4:00  SCV  
  40  4:05  Orbital Command  
  40  4:12  SCV  
  41  4:19  Marine x2  
  41  4:23  Barracks Tech Lab  
  43  4:24  SCV  
  43  4:29  Starport  
  44  4:32  Factory Reactor, SCV  
  44  4:36  Marine, SCV  
  44  4:37  Marine  
  44  4:38  Marine  
  47  4:39  Stimpack  
  47  4:42  Combat Shield  
  48  4:45  Marine  
  48  4:48  SCV  
  50  4:54  Marine x2  
  50  4:56  Marine  
  53  5:03  Marine  
  54  5:12  Marine  
  54  5:13  SCV  
  56  5:14  Barracks  
  56  5:16  Factory Reactor  
  56  5:17  Marine x2  
  56  5:19  Medivac  
  56  5:20  Barracks  
  60  5:23  Marine  
  60  5:26  Bunker  
  54  5:30  Marine  
  50  5:36  Liberator  
  50  5:38  Marine  
  50  5:39  Marauder  
  56  5:43  SCV x2  
  56  5:44  Refinery  
  56  5:49  Marauder, Marine  
  61  5:56  Marine  
  60  6:00  Marine  
  61  6:09  Bunker  
  61  6:10  Marine  
  59  6:16  Marauder, Marine x2  
  59  6:17  Medivac  
  62  6:19  Marauder  
  62  6:21  Marine  
  64  6:28  Marine  
  65  6:38  Marauder, Marine  
  64  6:40  Marauder  
  64  6:41  Medivac  
  63  6:49  Supply Depot  
  63  6:50  Supply Depot  
  63  6:51  Factory Reactor  
  63  6:53  Concussive Shells  
  56  6:56  Marine  
  56  6:59  Marauder  
  56  7:01  Marine  
  56  7:02  Marauder  
  56  7:03  Marine  
  56  7:05  Supply Depot  
  56  7:06  Engineering Bay  
  59  7:11  Marine, Refinery  
  60  7:20  Marine  
  60  7:21  Marauder  
  63  7:23  Marauder  
  64  7:32  Medivac  
  64  7:35  Marine x2  
  68  7:42  Marauder  
  69  7:44  Marauder  
  69  7:47  Marine  
  69  7:51  Medivac  
  71  7:56  SCV x2  
  73  7:59  Marine  
  73  8:01  Marine  
  73  8:02  Marine  
  73  8:03  Marauder  
  77  8:07  Marine  
  77  8:08  SCV  
  77  8:12  Missile Turret  
  79  8:13  Marine x2  
  79  8:14  Marauder  
  79  8:16  Medivac  
  79  8:17  Factory Tech Lab  
  85  8:31  Marine  
  85  8:32  Marauder  
  85  8:33  Marine  
  89  8:35  Marauder  
  89  8:39  Marine  
  92  8:41  Marine x2  
  79  8:54  Marauder  
  77  8:56  Marauder  
  77  8:57  Widow Mine  
  77  9:00  Medivac  
  83  9:02  Marine  
  83  9:04  Marine  
  83  9:15  Marauder  
  79  9:18  Widow Mine  
  79  9:19  Marine  
  79  9:20  Marauder  
  79  9:23  Marine  
  84  9:27  Marine  
  84  9:29  Marine  
  84  9:32  Marine  
  84  9:36  Marauder  
  83  9:39  Terran Infantry Weapons Level 1  
  83  9:40  Widow Mine  
  83  9:41  Marauder  
  83  9:45  Marine  
  70  9:55  SCV  
  70  9:57  Marine  
  70  9:58  Marauder  
  74  10:02  Marauder  
  74  10:04  Marine  
  73  10:12  Marine x2  
  73  10:14  Marine x2  
  76  10:16  Medivac  
  76  10:19  Marauder, Factory Reactor  
  76  10:20  Marine  
  82  10:24  Marauder  
  84  10:30  Marine  
  84  10:32  Marine  
  86  10:35  Command Center  
  86  10:54  Marine  
  86  10:55  Marauder x2  
  84  10:57  Widow Mine, Medivac  
  84  11:03  Marine  
  84  11:04  Marine x2  
  81  11:05  Widow Mine  
  81  11:07  Marine  
  86  11:15  Marine  
  86  11:24  Marauder  
  86  11:26  Marine x2  
  86  11:27  Medivac  
  86  11:29  Marauder  
  86  11:35  Widow Mine  
  86  11:39  Marine  
  83  11:45  Marauder  
  85  11:48  Marine  
  85  11:49  Missile Turret  
  85  11:51  Marauder, Marine  
  89  12:00  Widow Mine  
  89  12:07  Marauder  
  89  12:13  Marauder, Marine  
  76  12:39  Marine  
  76  12:41  Marine x2  
  76  12:42  Marauder x2  
  76  12:44  Ghost Academy  
  82  12:45  SCV x2  
  82  12:51  Marine  
  81  13:04  Marine x2  
  81  13:05  Marine x2  
  82  13:15  Ghost x2  
  82  13:16  Marine x2  
  82  13:17  Widow Mine, Medivac x2  
  92  13:34  Marine x3  
  92  13:35  Marine  
  92  13:36  Marine  
  92  13:38  Widow Mine  
  98  13:43  Ghost x2  
  98  13:45  Marine  
  91  13:55  Marine  
  68  13:56  Marine  
Tags
 
Add a new tag
Caveats
  • Supply blocks, unpowered buildings, or Contaminate may cause inaccurate times.
  • Supply counts are checked every 10 seconds.